AoeStats
← ncl.zani

Yucatan

503160422Analyzed
2v2 RM · 1mo ago on Aug 30, 2026· 51m 8s· 4 players
Game mode
Random Map
Map size
Medium (4 player)
Population
200
Speed
Normal
Resources
Standard
Victory
Conquest
Starting age
Dark Age
Ending age
Imperial Age
RankedLock teamsTeams togetherTeam positionsShared explorationLock speedFull tech treeHidden civsTurbo modeCheats
Victory
Defeat
🇧🇷 Huns · Brazil
851
+13
🇧🇷 Teutons · Brazil
832
+14
🇮🇹 Persians · Italy
841
-16
🇮🇹 Romans · Italy
741
-12
ncl.zani
10:06 Feudal Age
11:24 Wheelbarrow
11:02 Double-Bit Axe
17:41 Castle Age
18:34 Man-at-Arms
19:33 Pikeman
20:08 Long Swordsman
24:43 Scale Barding Armor
31:01 Horse Collar
35:17 Forging
35:07 Scale Mail Armor
38:32 Imperial Age
36:54 Squires
37:58 Bow Saw
39:22 Legionary
39:22 Halberdier
41:05 Heavy Plow
41:48 Scale Mail Armor
42:51 Conscription
43:30 Elite Centurion
48:23 Hand Cart
49:20 Hand Cart
CHESCHIFOLAFIGA
10:06 Feudal Age
11:20 Wheelbarrow
16:45 Castle Age
18:43 Double-Bit Axe
20:32 Hand Cart
21:01 Town Watch
25:58 Kamandaran
26:21 Fletching
26:56 Ballistics
28:21 Town Patrol
30:53 Horse Collar
32:31 Heavy Plow
32:52 Bodkin Arrow
37:22 Imperial Age
34:49 Gold Mining
35:42 Stone Mining
36:12 Padded Archer Armor
36:23 Forging
36:05 Crossbowman
38:01 Thumb Ring
38:38 Conscription
42:03 Leather Archer Armor
42:23 Iron Casting
42:47 Elite War Elephant
50:59 Ring Archer Armor
51:29 Blast Furnace
Cryex
10:11 Feudal Age
11:35 Double-Bit Axe
11:32 Horse Collar
16:08 Loom
20:01 Castle Age
20:08 Forging
20:04 Scale Barding Armor
21:34 Husbandry
23:16 Heavy Plow
24:23 Bow Saw
26:34 Wheelbarrow
27:25 Bloodlines
30:27 Gold Mining
30:29 Stone Mining
33:10 Hand Cart
36:07 Imperial Age
34:25 Iron Casting
34:13 Chain Barding Armor
36:16 Marauders
37:27 Gold Shaft Mining
36:35 Elite Tarkan
39:55 Blast Furnace
43:53 Plate Barding Armor
47:33 Town Watch
DiPunisher
1:02 Loom
12:02 Feudal Age
12:31 Man-at-Arms
13:38 Arson
22:14 Castle Age
22:01 Forging
21:52 Scale Mail Armor
22:24 Long Swordsman
22:56 Gambesons
25:53 Iron Casting
25:34 Chain Mail Armor
25:32 Squires
26:40 Pikeman
28:41 Wheelbarrow
29:34 Town Watch
29:42 Double-Bit Axe
30:05 Horse Collar
34:27 Imperial Age
32:17 Gold Mining
34:11 Heavy Plow
35:01 Bow Saw
35:46 Conscription
35:37 Stone Mining
38:21 Chemistry
38:51 Elite Teutonic Knight
41:51 Halberdier
44:08 Blast Furnace
43:39 Plate Mail Armor
43:00 Fletching
46:25 Two-Handed Swordsman
51:12 Hand Cart
Connection lost

Rejoining the realm…

Still unreachable

The connection could not be restored.

Session expired

The server has moved on; the page needs a fresh start.